 Dungeon Crawl Stone Soup version 0.23.1 (webtiles) character file.

Game seed: 3923053424672704050

77 Borgoz the Sneak (level 4, 0/35 HPs)
             Began as a Ghoul Enchanter on Mar 2, 2019.
             Slain by a jackal (2 damage)
             ... on level 3 of the Dungeon.
             The game lasted 00:02:35 (2074 turns).

Borgoz the Sneak (Ghoul Enchanter)                  Turns: 2074, Time: 00:02:36

Health: 0/35       AC:  5    Str: 11    XL:     4   Next: 33%
Magic:  6/6        EV: 10    Int: 10    God:
Gold:   144        SH:  0    Dex: 10    Spells: 6/7 levels left

rFire    . . .     SeeInvis .   h - +1 dagger (drain)
rCold    + . .     Gourm    .   (no shield)
rNeg     + + +     Faith    .   e - +0 ring mail
rPois    ∞         Spirit   .   (no helmet)
rElec    .         Reflect  .   (no cloak)
rCorr    .         Harm     .   (no gloves)
MR       .....                  (no boots)
Stlth    ++........             (no amulet)
HPRegen  0.00/turn              k - ring of wizardry
MPRegen  0.10/turn              (no ring)

@: rotting
A: rotting body, claws 1, carnivore, cold resistance 1, negative energy
resistance 3, inhibited regeneration, torment resistance, unbreathing
a: no special abilities


You were on level 3 of the Dungeon.
You were not hungry.

You visited 1 branch of the dungeon, and saw 3 of its levels.

You collected 144 gold pieces.

Inventory:

Hand Weapons
 h - a +1 dagger of draining (weapon)
Missiles
 g - 8 tomahawks (quivered)
Armour
 e - a +0 ring mail (worn)
Jewellery
 k - a ring of wizardry (left claw)
Scrolls
 b - a scroll of teleportation {unknown}
 j - 2 scrolls of identify {unknown}
 l - a scroll of enchant armour {unknown}
 n - a scroll of noise {unknown}
Potions
 a - a potion of flight {unknown}
 f - 2 potions of resistance {unknown}
 i - a potion of curing {unknown}
 m - a potion of mutation {unknown}
Comestibles
 c - a chunk of flesh
 d - 4 rations


   Skills:
 + Level 1.1 Fighting
 * Level 1.8 Short Blades
 + Level 0.6 Armour
 * Level 2.3 Dodging
 * Level 3.9 Stealth
 + Level 2.0 Spellcasting
 + Level 2.6 Hexes


You had 6 spell levels left.
You knew the following spells:

 Your Spells              Type           Power        Failure   Level  Hunger
a - Corona                Hex            #......      11%         1    ##.....

Your spell library contained the following spells:

 Spells                   Type           Power        Failure   Level  Hunger
 Ensorcelled Hibernation  Hex/Ice        #.....       26%         2    ###....
 Confuse                  Hex            #.......     30%         3    ####...
 Tukima's Dance           Hex            #.......     30%         3    ####...
 Dazzling Spray           Conj/Hex       #.....       45%         3    ####...


Dungeon Overview and Level Annotations

Branches:
Dungeon (3/15)

Altars:


Innate Abilities, Weirdness & Mutations

Your body is rotting away.
You thrive on raw meat.
You are immune to poison.
You have sharp fingernails.
You are carnivorous and can eat meat at any time.
Your flesh is cold resistant. (rC+)
You are immune to negative energy. (rN+++)
You do not regenerate when monsters are visible.
You are immune to unholy pain and torment.
You can survive without breathing.


Message History

You are too injured to fight recklessly!
You are too injured to fight recklessly!
You are too injured to fight recklessly!
You are too injured to fight recklessly!
You are too injured to fight recklessly!
You are too injured to fight recklessly!
Unknown command.
You hit the kobold but do no damage. The bullfrog zombie hits you.
* * * LOW HITPOINT WARNING * * *
The jackal barely misses you. The kobold hits you but does no damage.
The bullfrog zombie closely misses you.
You closely miss the kobold. The jackal closely misses you.
The kobold barely misses you. The bullfrog zombie hits you.
* * * LOW HITPOINT WARNING * * *
The jackal bites you.
* * * LOW HITPOINT WARNING * * *
The jackal closely misses you. The bullfrog zombie hits you.
* * * LOW HITPOINT WARNING * * *
The jackal bites you.
You die...

... ... #.#
#..########
#.........#
#.....Kh@.#
#......Z..#
#....g....#
#...†.....#
#.....#######
###.### #..
... ####


You could see a bullfrog zombie, a jackal, a goblin and a kobold.

Vanquished Creatures
  3 adders
  A worm (D:2)
  2 leopard geckos
  3 giant cockroaches
  6 goblins
  4 hobgoblins
  3 jackals (D:3)
  6 bats
  7 frilled lizards
  6 kobolds
  5 rats
46 creatures vanquished.

Notes
Turn   | Place    | Note
-------+----------+-------------------------------------------
     0 | D:1      | Borgoz the Ghoul Enchanter began the quest for the Orb.
     0 | D:1      | Reached XP level 1. HP: 14/14 MP: 2/2
    24 | D:1      | Reached skill level 1 in Short Blades
   480 | D:1      | Reached XP level 2. HP: 13/20 MP: 3/3
  1233 | D:1      | Reached XP level 3. HP: 20/27 MP: 4/4
  1456 | D:2      | Reached skill level 1 in Fighting
  1717 | D:2      | Reached XP level 4. HP: 25/35 MP: 4/6
  2074 | D:3      | Slain by a jackal

Skill      XL: |  1  2  3 |
---------------+----------+-----
Short Blades   | 1 |  1.8
Dodging        | 2 |  2.3
Fighting       | 1 |  1.1
Spellcasting   | 2 |  2.0
Armour         | |  0.6
Stealth        | |  3.9
Hexes          | |  2.6

Action                   |  1- 3 |  4- 6 || total
-------------------------+-------+-------++-------
Melee: Dagger            |   151 |    25 ||   176
 Cast: Corona            |     2 |       ||     2
 Stab: Sleeping          |     3 |       ||     3
  Eat: Chunk             |     3 |     1 ||     4
Armor: Ring mail         |    52 |    13 ||    65
       Robe              |     8 |       ||     8
Dodge: Dodged            |    84 |    17 ||   101
